Map: Blackburn LE

Players

JonSnow

  • Race: Zerg Zerg

Rob - Winner!

  • Race: Protoss Protoss

Event: DreamHack SC2 Masters 2021 Fall

VOD

Have the link to the VOD?

Description

Time

  • Played on: Aug. 7, 2021, 5:34 p.m.
  • Length: 8:52

All games in this series

Show
View Real Time Build Order
Export as new Build Order

JonSnow Zerg 

Build Orders: Pool First 

Get SALT Encoding   

  12  0:01  Drone  
  13  0:11  Overlord  
  13  0:16  Drone  
  14  0:29  Drone x2  
  16  0:40  Spawning Pool  
  15  0:44  Drone  
  15  0:49  Drone  
  17  1:09  Hatchery  
  16  1:12  Drone  
  17  1:26  Extractor, Zergling x4  
  17  1:28  Zergling x2  
  19  1:34  Queen  
  21  1:41  Overlord  
  21  1:50  Drone  
  22  2:00  Drone  
  23  2:09  Queen  
  23  2:10  Drone  
  25  2:28  Drone x2  
  26  2:33  Metabolic Boost  
  26  2:37  Drone  
  26  2:38  Drone  
  28  2:48  Hatchery  
  27  2:59  Overlord  
  27  3:00  Queen  
  27  3:03  Drone  
  27  3:05  Drone  
  31  3:09  Zergling x2  
  31  3:10  Zergling x2  
  33  3:14  Drone  
  33  3:15  Drone  
  35  3:20  Drone x2  
  37  3:29  Queen  
  37  3:32  Overlord  
  40  3:34  Drone  
  40  3:41  Evolution Chamber  
  39  3:45  Overlord x2  
  39  3:47  Drone  
  40  3:56  Zergling x4  
  40  4:01  Queen  
  44  4:03  Drone  
  44  4:04  Drone x2  
  44  4:08  Zerg Melee Weapons Level 1  
  44  4:09  Drone  
  48  4:13  Drone x2  
  50  4:19  Spore Crawler  
  50  4:20  Drone x2  
  50  4:22  Drone  
  50  4:24  Drone  
  53  4:28  Spore Crawler  
  52  4:32  Overlord  
  52  4:37  Drone x4  
  55  4:45  Drone x5  
  60  4:50  Queen  
  62  4:56  Zergling x8  
  62  4:59  Drone  
  67  5:01  Overlord  
  67  5:06  Queen  
  68  5:07  Drone  
  68  5:08  Drone  
  68  5:13  Extractor  
  69  5:15  Queen  
  69  5:17  Extractor  
  69  5:20  Zergling x10  
  75  5:25  Overlord  
  75  5:26  Queen  
  77  5:29  Overlord  
  77  5:33  Zergling x8  
  81  5:40  Baneling Nest  
  81  5:42  Overlord x3  
  80  5:45  Spore Crawler  
  79  5:53  Drone x5  
  79  5:55  Spore Crawler  
  79  5:57  Drone  
  83  6:04  Zerg Ground Armor Level 1  
  83  6:05  Spore Crawler  
  83  6:09  Drone  
  83  6:10  Drone x3  
  85  6:12  Drone x2  
  86  6:19  Drone x4  
  85  6:28  Zergling x14  
  85  6:31  Queen  
  91  6:34  Drone  
  91  6:37  Drone  
  92  6:40  Lair  
  92  6:41  Extractor  
  92  6:42  Overlord  
  92  6:46  Extractor  
  90  6:58  Zergling x18  
  97  7:11  Drone  
  97  7:12  Drone x5  
  100  7:18  Zergling x10  
  100  7:22  Zergling x8  
  103  7:27  Drone  
  103  7:29  Queen  
  102  7:30  Drone  
  102  7:31  Extractor, Queen, Drone  
  105  7:40  Queen  
  105  7:42  Hatchery  
  106  7:44  Drone, Spire  
  106  7:46  Overlord  
  106  7:48  Drone  
  107  7:54  Baneling x5  
  107  7:55  Baneling  
  107  8:03  Zergling x8  
  107  8:04  Queen  
  110  8:07  Queen  
  104  8:16  Queen  
  101  8:24  Zergling x18  
  102  8:31  Zergling x6  
  97  8:47  Spire  
Show
View Real Time Build Order
Export as new Build Order

Rob Protoss - Winner!

Build Orders: 1 Gate Expand 

Get SALT Encoding   

  12  0:00  Probe  
  13  0:12  Probe  
  14  0:24  Pylon, Probe  
  15  0:42  Probe (Chrono Boost)  
  16  0:43  Gateway  
  16  0:51  Probe (Chrono Boost)  
  17  1:09  Nexus  
  17  1:13  Probe (Chrono Boost)  
  18  1:20  Assimilator  
  18  1:24  Probe (Chrono Boost)  
  19  1:29  Assimilator, Probe  
  20  1:44  Cybernetics Core, Probe  
  21  1:52  Zealot (Chrono Boost)  
  23  2:08  Pylon  
  23  2:11  Gateway  
  23  2:21  Probe  
  24  2:26  Adept  
  25  2:33  Stargate  
  25  2:40  Probe (Chrono Boost)  
  26  2:47  Probe (Chrono Boost)  
  28  2:56  Probe x2 (Chrono Boost)  
  28  3:01  Probe (Chrono Boost)  
  28  3:02  Probe  
  30  3:07  Warp Gate  
  30  3:08  Void Ray (Chrono Boost)  
  30  3:13  Probe  
  30  3:15  Probe (Chrono Boost)  
  36  3:25  Probe (Chrono Boost)  
  38  3:32  Probe (Chrono Boost)  
  39  3:35  Probe (Chrono Boost)  
  39  3:39  Probe (Chrono Boost)  
  39  3:40  Probe (Chrono Boost)  
  41  3:51  Probe  
  41  3:54  Assimilator, Stargate, Probe  
  41  3:55  Assimilator  
  41  4:03  Adept, Probe  
  41  4:06  Shield Battery, Probe  
  45  4:17  Fleet Beacon  
  45  4:18  Probe  
  46  4:25  Pylon  
  46  4:28  Pylon  
  46  4:43  Probe x2  
  48  4:55  Probe x2  
  48  4:58  Protoss Air Weapons Level 1 (Chrono Boost)  
  50  5:06  Carrier (Chrono Boost)  
  50  5:11  Pylon  
  58  5:16  Carrier (Chrono Boost)  
  58  5:21  Pylon  
  62  5:26  Nexus  
  62  5:29  Probe x2  
  62  5:33  Pylon  
  64  5:37  Probe  
  64  5:41  Probe  
  66  5:45  Probe  
  67  5:53  Adept x2, Probe  
  67  5:56  Probe  
  72  5:59  Pylon  
  73  6:06  Probe  
  74  6:15  Adept x2  
  80  6:19  Carrier (Chrono Boost)  
  78  6:29  Probe x2  
  78  6:30  Carrier (Chrono Boost)  
  82  6:38  Probe  
  83  6:41  Adept x2, Probe x2  
  89  6:58  Probe x3  
  92  7:07  Carrier (Chrono Boost)  
  92  7:11  Probe x2  
  92  7:12  Adept x2  
  92  7:13  Assimilator x2, Probe  
  105  7:20  Void Ray (Chrono Boost)  
  105  7:23  Probe x2  
  105  7:25  Probe  
  105  7:26  Shield Battery  
  108  7:35  Probe  
  109  7:38  Pylon  
  109  7:44  Stargate  
  109  7:45  Stargate  
  109  7:47  Pylon  
  109  7:52  Pylon  
  109  7:56  Probe x2  
  111  8:16  Probe  
  111  8:17  Probe  
  121  8:22  Adept x2  
  119  8:33  Shield Battery  

Tags
 
Add a new tag
Caveats
  • Supply blocks, unpowered buildings, or Contaminate may cause inaccurate times.
  • Supply counts are checked every 10 seconds.